 Dungeon Crawl Stone Soup version 0.20-a0-1122-gb7cbeb9 (webtiles) character file.

97 Hook the Conjurer (level 4, -4/27 HPs)
             Began as an Octopode Conjurer on May 11, 2017.
             Killed from afar by poirepourri's ghost (10 damage)
             ... with a magic dart
             ... on level 3 of the Dungeon.
             The game lasted 00:10:15 (2651 turns).

Hook the Conjurer (Octopode Conjurer)               Turns: 2651, Time: 00:10:17

Health: -4/27      AC:  1    Str:  8    XL:     4   Next: 68%
Magic:  1/8        EV: 14    Int: 17    God:
Gold:   172        SH:  0    Dex: 12    Spells: 2/8 levels left

rFire    . . .     SeeInvis .     - Unarmed
rCold    . . .     Gourm    .   (no shield)
rNeg     . . .     Faith    .   (helmet restricted)
rPois    .         Spirit   .   (no amulet)
rElec    .         Reflect  .   f - ring of stealth
rCorr    .         Harm     .   (no ring)
MR       .....                  (no ring)
Stlth    ++++......             (no ring)
Regen    0.1/turn               (no ring)
MPRegen  0.2/turn               (no ring)
                                (no ring)
                                (no ring)

@: no status effects
A: almost no armour, stealthy swim, amphibious, 8 rings, constrict 8, camouflage
1, gelatinous body 1
a: no special abilities


You were on level 3 of the Dungeon.
You were not hungry.

You visited 1 branch of the dungeon, and saw 3 of its levels.

You collected 172 gold pieces.

Inventory:

Jewellery
 f - a ring of stealth (left tentacle)
Scrolls
 d - a scroll of amnesia
 h - 2 scrolls of immolation
 i - 2 scrolls of remove curse {unknown}
Potions
 c - a potion of berserk rage
 e - a potion of haste
 g - a potion of flight {unknown}
 l - a potion of lignification {unknown}
Books
 a - a book of Conjurations

   Spells                             Type                      Level
   a - Magic Dart                     Conjuration                  1
   b - Searing Ray                    Conjuration                  2
   c - Dazzling Spray                 Conjuration/Hexes            3
   d - Fulminant Prism                Conjuration/Hexes            4
   e - Force Lance                    Conjuration/Translocation    4
   f - Iskenderun's Mystic Blast      Conjuration                  4
Comestibles
 b - 4 bread rations
 k - a meat ration


   Skills:
 * Level 2.6 Dodging
 + Level 3.7 Stealth
 + Level 1.1 Unarmed Combat
 * Level 2.8 Spellcasting
 + Level 4.5 Conjurations


You had 2 spell levels left.
You knew the following spells:

 Your Spells              Type           Power        Failure   Level  Hunger
a - Magic Dart            Conj           ###.         2%          1    #......
b - Searing Ray           Conj           ###...       4%          2    ##.....
c - Dazzling Spray        Conj/Hex       ##....       21%         3    ###....


Dungeon Overview and Level Annotations

Branches:
Dungeon (3/15)

Altars:
Gozag
Nemelex Xobeh

Annotations:
D:3 poirepourri's ghost, amateur DECj


Innate Abilities, Weirdness & Mutations

You cannot wear most types of armour.
You are very stealthy in the water. (Stealth+)
You are amphibious.
You can wear up to eight rings at the same time.
You can use your tentacles to constrict eight enemies at once.
Your skin changes colour to match your surroundings (Stealth+).
Your rubbery body absorbs attacks. (AC +1, EV +1)


Message History

You tentacle-slap the jackal. You grab the jackal.
The jackal is moderately wounded.
You constrict the jackal, but do no damage.
The jackal misses you.
You tentacle-slap the jackal.
The jackal is heavily wounded.
You constrict the jackal. The jackal misses you. The jackal barely misses you.
You tentacle-slap the jackal.
You kill the jackal!
Poirepourri's ghost (amateur Deep Elf Conjurer) comes into view.
Poirepourri's ghost is nearby!
Poirepourri's ghost casts a spell at you.
The magic dart hits you!
Poirepourri's ghost points at you and mumbles some strange words.
The magic dart hits you!
* * * LOW HITPOINT WARNING * * *
There is a stone staircase leading down here.
Poirepourri's ghost points at you and mumbles some strange words.
The magic dart hits you!
You die...

### #.# #.#######
#.......# #.#####.#
##### #.# #.#
......##########.### #.#
............@##....# #.#
......###......###.###.#
##### #......# .#<..#
#†.....# #####
#........# #..W...#.#
#......#.# #.......# #
.......###


You could see poirepourri's ghost.

Vanquished Creatures
  A jelly (D:3)
  An adder (D:2)
  An ooze (D:1)
  A worm (D:2)
  3 dart slugs (D:1)
  3 leopard geckos
  A ball python (D:1)
  A giant cockroach (D:2)
  4 hobgoblins
  A jackal (D:3)
  4 kobolds
  A quokka (D:2)
  5 bats
  10 goblins
  2 rats
39 creatures vanquished.

Notes
Turn   | Place    | Note
-------+----------+-------------------------------------------
     0 | D:1      | Hook the Octopode Conjurer began the quest for the Orb.
     0 | D:1      | Reached XP level 1. HP: 11/11 MP: 3/3
   165 | D:1      | Reached XP level 2. HP: 17/17 MP: 3/5
   525 | D:1      | Learned a level 2 spell: Searing Ray
   950 | D:1      | Reached XP level 3. HP: 21/21 MP: 1/6
  1119 | D:1      | Learned a level 3 spell: Dazzling Spray
  2065 | D:2      | Reached skill level 1 in Unarmed Combat
  2180 | D:2      | Reached XP level 4. HP: 27/27 MP: 4/7
  2510 | D:2      | Found an opulent altar of Gozag.
  2511 | D:2      | Found a sparkling altar of Nemelex Xobeh.
  2646 | D:3      | Noticed poirepourri's ghost (amateur DECj)
  2651 | D:3      | Killed from afar by poirepourri's ghost

Vault maps used:
D:1:      minmay_arrival_four_loops, hangedman_decor_lopped
D:2:      grunt_temple_overflow_opulence
D:3:      minivault_14

Skill      XL: |  1  2  3 |
---------------+----------+-----
Stealth        | 3 |  3.7
Unarmed Combat | 1 |  1.1
Dodging        | |  2.6
Spellcasting   | |  2.8
Conjurations   | |  4.5

Action                   |  1- 3 |  4- 6 || total
-------------------------+-------+-------++-------
Melee: Unarmed           |    34 |     8 ||    42
       Constrict         |    12 |     1 ||    13
       Tentacles         |     5 |     1 ||     6
 Cast: Magic Dart        |    58 |     7 ||    65
       Searing Ray       |     1 |     1 ||     2
  Use: Scroll            |     9 |       ||     9
 Stab: Sleeping          |     4 |     1 ||     5
  Eat: Meat ration       |     1 |       ||     1
       Royal jelly       |     1 |       ||     1
       Chunk             |     1 |       ||     1
Armor: Skin              |     3 |       ||     3
Dodge: Dodged            |    28 |     6 ||    34
